Map: Acropolis LE

Players

Madeira - Winner!

  • Race: Zerg Zerg
  • League: Gold
  • Spawn Location: 5:00

Ratl

  • Race: Protoss Protoss
  • Spawn Location: 11:00

VOD

Have the link to the VOD?

Description

Time

  • Played on: Oct. 30, 2019, 11:34 a.m.
  • Length: 10:48
Show
View Real Time Build Order
Export as new Build Order

Madeira Zerg - Winner!

Build Orders: Hatch First 

Get SALT Encoding   

  12  0:01  Drone  
  13  0:13  Drone  
  14  0:16  Overlord  
  14  0:35  Drone x3  
  17  0:46  Drone  
  18  0:58  Hatchery  
  18  0:59  Drone  
  18  1:10  Extractor  
  17  1:11  Drone  
  18  1:20  Spawning Pool  
  18  1:21  Drone  
  18  1:29  Drone  
  20  1:40  Drone  
  20  1:50  Overlord  
  20  2:08  Queen  
  20  2:10  Queen  
  20  2:11  Metabolic Boost  
  20  2:14  Zergling x6  
  27  2:29  Zergling x4  
  29  2:55  Drone x5  
  34  3:01  Hatchery  
  30  3:32  Drone x4  
  34  3:34  Overlord x3  
  34  3:48  Lair, Hatchery  
  33  3:59  Queen  
  36  4:02  Drone  
  36  4:03  Drone x3  
  39  4:13  Baneling Nest  
  38  4:27  Queen  
  38  4:30  Drone x2  
  38  4:31  Drone x3  
  45  4:33  Drone x3  
  45  4:36  Overlord  
  48  4:41  Drone x3  
  51  5:09  Drone x4  
  55  5:17  Extractor x2  
  53  5:39  Zergling x2  
  53  5:40  Zergling x36  
  72  5:49  Baneling  
  72  5:50  Baneling x3  
  72  5:51  Centrifical Hooks  
  72  6:04  Overlord x2  
  72  6:17  Baneling x5  
  72  6:18  Baneling  
  57  6:59  Zergling x2  
  57  7:00  Zergling x32  
  71  7:17  Extractor  
  71  7:20  Spire  
  68  7:27  Infestation Pit  
  65  7:36  Drone x2  
  65  7:37  Drone x2  
  69  7:40  Drone x2  
  69  7:41  Drone x6  
  77  7:57  Baneling x9  
  77  7:59  Baneling  
  77  8:00  Zergling x16  
  62  8:48  Zergling x2  
  62  8:49  Zergling x50  
  62  8:53  Overlord  
  88  9:00  Hive  
  86  9:18  Drone x2  
  86  9:19  Overlord x3  
  86  9:20  Overlord x3  
  86  9:23  Baneling  
  86  9:24  Baneling x15  
  88  9:26  Zergling x2  
  88  9:27  Zergling x14  
  96  9:32  Overlord x2  
  87  10:07  Baneling x5  
  87  10:08  Baneling x4  
  87  10:12  Baneling  
Show
View Real Time Build Order
Export as new Build Order

Ratl Protoss 

Build Orders:  

Get SALT Encoding   

  12  0:02  Probe  
  13  0:16  Probe (Chrono Boost)  
  14  0:26  Pylon  
  14  0:34  Probe, Pylon  
  15  0:46  Probe  
  16  0:52  Gateway  
  16  0:56  Assimilator  
  16  0:59  Probe  
  17  1:11  Probe  
  18  1:16  Assimilator  
  18  1:23  Probe (Chrono Boost)  
  19  1:35  Probe (Chrono Boost)  
  20  1:41  Probe (Chrono Boost)  
  21  1:49  Probe  
  21  1:50  Cybernetics Core  
  21  1:52  Pylon  
  22  1:56  Pylon  
  22  2:02  Pylon  
  22  2:13  Zealot (Chrono Boost)  
  24  2:16  Forge  
  24  2:37  Stalker (Chrono Boost)  
  26  2:53  Photon Cannon  
  26  2:56  Photon Cannon  
  26  3:00  Stalker  
  28  3:30  Zealot (Chrono Boost)  
  30  3:49  Gateway  
  30  3:51  Zealot (Chrono Boost)  
  32  4:02  Protoss Ground Armor Level 1 (Chrono Boost)  
  32  4:14  Stalker  
  32  4:15  Twilight Council  
  34  4:20  Robotics Facility  
  34  4:44  Stalker (Chrono Boost)  
  34  4:45  Nexus  
  36  4:48  Pylon  
  36  4:55  Probe  
  37  5:07  Stalker (Chrono Boost)  
  39  5:18  Photon Cannon  
  39  5:21  Photon Cannon  
  39  5:29  Stalker  
  39  5:34  Sentry  
  43  5:57  Probe (Chrono Boost)  
  43  5:59  Zealot  
  43  6:00  Sentry  
  48  6:07  Probe (Chrono Boost)  
  49  6:12  Probe (Chrono Boost)  
  50  6:23  Probe (Chrono Boost)  
  51  6:26  Zealot  
  51  6:27  Sentry  
  51  6:32  Probe (Chrono Boost)  
  56  6:37  Probe  
  41  6:49  Probe  
  41  6:53  Sentry, Zealot  
  28  7:19  Adept  
  28  7:21  Zealot  
  25  7:30  Probe (Chrono Boost)  
  26  7:39  Probe (Chrono Boost)  
  26  7:40  Probe (Chrono Boost)  
  26  7:43  Probe (Chrono Boost), Photon Cannon  
  28  7:44  Pylon  
  28  7:45  Probe (Chrono Boost)  
  28  7:48  Zealot  
  28  7:49  Zealot  
  34  7:52  Probe, Photon Cannon  
  34  7:57  Pylon  
  34  7:58  Probe (Chrono Boost)  
  36  8:04  Probe (Chrono Boost)  
  39  8:13  Probe x2 (Chrono Boost)  
  39  8:15  Zealot  
  39  8:16  Zealot  
  39  8:18  Probe (Chrono Boost)  
  43  8:20  Probe  
  39  8:30  Probe  
  39  8:32  Probe  
  37  8:37  Photon Cannon  
  35  8:42  Zealot  
  33  8:50  Sentry  
  29  8:59  Photon Cannon  
  27  9:04  Probe (Chrono Boost)  
  27  9:09  Zealot  
  30  9:15  Probe (Chrono Boost)  
  30  9:16  Sentry  
  33  9:20  Probe (Chrono Boost)  
  35  9:34  Probe (Chrono Boost)  
  35  9:35  Probe (Chrono Boost)  
  35  9:36  Zealot  
  38  9:40  Assimilator  
  38  9:42  Sentry  
  41  9:46  Probe (Chrono Boost)  
  36  9:53  Probe (Chrono Boost)  
  36  9:58  Probe (Chrono Boost)  
  30  10:03  Zealot  
  16  10:09  Sentry  
  15  10:24  Probe  
Tags
 
League
Gold
Matchup
PvZ
Spawn Locations
Cross Positions
Add a new tag
Caveats
  • Supply blocks, unpowered buildings, or Contaminate may cause inaccurate times.
  • Supply counts are checked every 10 seconds.